FSL
DAYTONA TORTUGAS @ PALM BEACH CARDINALS
08/28/2108
 
TOP OF THE 1ST
Daytona Tortugas batting - Pitching for Palm Beach Cardinals : LHP Dennis Galeana
Pitching: LHP Dennis Galeana
Batting: RHB Sandy Duarte 0-0: Called Strike
0-1: SINGLE (Line Drive, 4MD, EV 102.5 MPH)
Batting: RHB Jeff Cleland 0-0: Called Strike
0-1: Called Strike
0-2: Ball
1-2: Foul Ball, location: 2F
1-2: Fly out, F9 (Line Drive, 9S, EV 96.9 MPH)
Batting: LHB Felix Godina 0-0: Ball
1-0: Called Strike
1-1: Called Strike
1-2: Ball
2-2: Ball
3-2: Base on Balls
Sandy Duarte to second
Batting: RHB David Adams 0-0: Ball
Passed Ball!
Sandy Duarte to third
Felix Godina to second
1-0: Fly out, F9 (Line Drive, 9S, EV 93.8 MPH)
Batting: RHB Salvador Bergara 0-0: Ball
1-0: Called Strike
1-1: Ground out 4-3 (Groundball, 4, EV 83.8 MPH)
Top of the 1st over - 0 runs, 1 hit, 0 errors, 2 left on base; Daytona 0 - Palm Beach 0
BOTTOM OF THE 1ST
Palm Beach Cardinals batting - Pitching for Daytona Tortugas : RHP Armando Nevarez
Pitching: RHP Armando Nevarez
Batting: LHB Fernando Contreras 0-0: Ball
1-0: Called Strike
1-1: Ball
2-1: Called Strike
2-2: Ground out 6-3 (Groundball, 6S, EV 70.0 MPH)
Batting: RHB Joel Gully 0-0: Ball
1-0: Called Strike
1-1: Called Strike
1-2: Ball
2-2: Foul Ball, location: 2F
2-2: Ball
3-2: Base on Balls
Batting: LHB Dakota Price 0-0: Foul Ball, location: 2F
0-1: Foul Ball, location: 5F
0-2: Foul Ball, location: 7LMF
0-2: Ball
1-2: Grounds into double play, 4-6-3 (Groundball, 4S, EV 79.4 MPH)
Bottom of the 1st over - 0 runs, 0 hits, 0 errors, 0 left on base; Daytona 0 - Palm Beach 0
TOP OF THE 2ND
Daytona Tortugas batting - Pitching for Palm Beach Cardinals : LHP Dennis Galeana
Batting: LHB Oscar Pena 0-0: Swinging Strike
0-1: SINGLE (Flyball, 6D, EV 95.0 MPH)
Batting: SHB Omar Salazar 0-0: Sac Bunt to 13 - play at first, batter OUT! 1-3
Oscar Pena to second
Batting: RHB Franklin Bazan 0-0: Foul Ball, location: 2F
0-1: Ground out U3 (Groundball, 34S, EV 86.9 MPH)
Oscar Pena to third
Batting: LHB Zózimo Crossas 0-0: Called Strike
0-1: Ball
1-1: SINGLE (Groundball, 34D, EV 98.8 MPH)
Oscar Pena scores
Batting: RHB Sandy Duarte 0-0: Ball
1-0: Fielders Choice at 2nd, 5-4 (Groundball, 5, EV 90.0 MPH)
Top of the 2nd over - 1 run, 2 hits, 0 errors, 1 left on base; Daytona 1 - Palm Beach 0
BOTTOM OF THE 2ND
Palm Beach Cardinals batting - Pitching for Daytona Tortugas : RHP Armando Nevarez
Batting: RHB Mike Villarreal 0-0: Foul Ball, location: 2F
0-1: Foul Ball, location: 9LMF
0-2: Ball
1-2: Ground out 3-1 (Groundball, 34, EV 78.1 MPH)
Batting: SHB Josh Wojnowski 0-0: Ball
1-0: Ball
2-0: Ball
3-0: Called Strike
3-1: Foul Ball, location: 23FF
3-2: Base on Balls
Batting: LHB Jon Kunkel 0-0: Called Strike
0-1: Ball
1-1: Called Strike
1-2: Foul Ball, location: 25FF
1-2: Ball
2-2: SINGLE (Line Drive, 8RS, EV 98.1 MPH)
Josh Wojnowski to second
Batting: RHB Alex Morales 0-0: DOUBLE (Line Drive, 8RXD, EV 103.8 MPH)
Josh Wojnowski scores
Jon Kunkel to third
Runner from 3rd tries for Home, SAFE, throw by CF to trailing runner, SAFE at third!
Batting: LHB Jay Gunter 0-0: Swinging Strike
0-1: Foul Ball, location: 3F
0-2: Fly out, F7 (Flyball, 7D, EV 106.3 MPH)
Runner from 3rd tags up, SCORES, no throw by LF
Batting: RHB Mike McDowell 0-0: Ball
1-0: Foul Ball, location: 3F
1-1: Swinging Strike
1-2: Strikes out swinging
Bottom of the 2nd over - 3 runs, 2 hits, 0 errors, 0 left on base; Daytona 1 - Palm Beach 3
TOP OF THE 3RD
Daytona Tortugas batting - Pitching for Palm Beach Cardinals : LHP Dennis Galeana
Batting: RHB Jeff Cleland 0-0: Foul Ball, location: 3FF
0-1: Ground out 5-3 (Groundball, 56, EV 82.5 MPH)
Batting: LHB Felix Godina 0-0: Ground out U3 (Groundball, 34S, EV 105.0 MPH)
Batting: RHB David Adams 0-0: Called Strike
0-1: Ball
1-1: Foul Ball, location: 3FF
1-2: Foul Ball, location: 2F
1-2: SOLO HOME RUN (Flyball, 7LD, EV 91.9 MPH), Distance : 348 ft
Batting: RHB Salvador Bergara 0-0: Ground out 4-3 (Groundball, 4, EV 82.5 MPH)
Top of the 3rd over - 1 run, 1 hit, 0 errors, 0 left on base; Daytona 2 - Palm Beach 3
BOTTOM OF THE 3RD
Palm Beach Cardinals batting - Pitching for Daytona Tortugas : RHP Armando Nevarez
Batting: LHB Fernando Contreras 0-0: Called Strike
0-1: Called Strike
0-2: Foul Ball, location: 2F
0-2: Foul Ball, location: 23FF
0-2: Ball
1-2: Foul Ball, location: 2F
1-2: Foul Ball, location: 2F
1-2: Strikes out looking
Batting: RHB Joel Gully 0-0: Ball
1-0: Foul Ball, location: 2F
1-1: Foul Ball, location: 2F
1-2: SINGLE (Groundball, 4MS, EV 66.3 MPH) (infield hit)
DELAY Rain delay of 45 minutes in the 3rd inning.
Batting: LHB Dakota Price 0-0: Called Strike
0-1: Foul Ball, location: 7LDF
0-2: Ball
1-2: Strikes out swinging
Batting: RHB Mike Villarreal 0-0: Ball
1-0: Fly out, F7 (Flyball, 7, EV 93.1 MPH)
Bottom of the 3rd over - 0 runs, 1 hit, 0 errors, 1 left on base; Daytona 2 - Palm Beach 3
TOP OF THE 4TH
Daytona Tortugas batting - Pitching for Palm Beach Cardinals : LHP Dennis Galeana
Batting: LHB Oscar Pena 0-0: Swinging Strike
0-1: Called Strike
0-2: Ball
1-2: Ball
2-2: Foul Ball, location: 2F
2-2: Ball
3-2: Foul Ball, location: 5FF
3-2: Base on Balls
Batting: SHB Omar Salazar 0-0: Bunted foul
0-1: Sac Bunt to 2L - play at second, runner OUT! 2-6
Batting: RHB Franklin Bazan 0-0: Fly out, F8 (Flyball, 89M, EV 90.0 MPH)
Batting: LHB Zózimo Crossas 0-0: Ball
1-0: Foul Ball, location: 2F
1-1: Ball
2-1: Swinging Strike
2-2: Ball
3-2: Strikes out swinging
Top of the 4th over - 0 runs, 0 hits, 0 errors, 1 left on base; Daytona 2 - Palm Beach 3
BOTTOM OF THE 4TH
Palm Beach Cardinals batting - Pitching for Daytona Tortugas : RHP Armando Nevarez
Batting: SHB Josh Wojnowski 0-0: Ball
1-0: Ball
2-0: Ball
3-0: Called Strike
3-1: Base on Balls
Batting: LHB Jon Kunkel 0-0: Swinging Strike
0-1: Swinging Strike
0-2: Ball
1-2: Foul Ball, location: 3F
1-2: Ball
2-2: Foul Ball, location: 3F
2-2: Ball
3-2: Base on Balls
Josh Wojnowski to second
Batting: RHB Alex Morales 0-0: Foul Ball, location: 9LSF
0-1: SINGLE (Line Drive, 7LS, EV 85.6 MPH)
Josh Wojnowski to third
Jon Kunkel to second
Batting: LHB Jay Gunter 0-0: Ball
1-0: Ball
2-0: Foul Ball, location: 23F
2-1: Ball
3-1: Called Strike
3-2: Base on Balls
Josh Wojnowski scores
Jon Kunkel to third
Alex Morales to second
Batting: RHB Mike McDowell 0-0: Called Strike
0-1: Ball
1-1: Ball
2-1: Called Strike
2-2: Foul Ball, location: 9LMF
2-2: Fly out, F7 (Flyball, 78M, EV 79.4 MPH)
Runner from 3rd tags up, SCORES, throw by LF
Batting: LHB Fernando Contreras 0-0: Fielders Choice at 2nd, 3-6 (Groundball, 34S, EV 77.5 MPH)
Alex Morales to third
Batting: RHB Joel Gully 0-0: Ball
1-0: Called Strike
1-1: Fly out, F8 (Flyball, 8RXD, EV 91.9 MPH)
Bottom of the 4th over - 2 runs, 1 hit, 0 errors, 2 left on base; Daytona 2 - Palm Beach 5
TOP OF THE 5TH
Daytona Tortugas batting - Pitching for Palm Beach Cardinals : LHP Dennis Galeana
Batting: RHB Sandy Duarte 0-0: Swinging Strike
0-1: Ground out 4-3 (Groundball, 4, EV 105.6 MPH)
Batting: RHB Jeff Cleland 0-0: Fly out, F6 (Line Drive, 6, EV 61.9 MPH)
Batting: LHB Felix Godina 0-0: Ground out 6-3 (Groundball, 6, EV 105.0 MPH)
Top of the 5th over - 0 runs, 0 hits, 0 errors, 0 left on base; Daytona 2 - Palm Beach 5
BOTTOM OF THE 5TH
Palm Beach Cardinals batting - Pitching for Daytona Tortugas : RHP Armando Nevarez
Batting: LHB Dakota Price 0-0: Ball
1-0: Called Strike
1-1: Fly out, F8 (Flyball, 78D, EV 96.9 MPH)
Batting: RHB Mike Villarreal 0-0: Called Strike
0-1: Called Strike
0-2: Foul Ball, location: 2F
0-2: Ball
1-2: Foul Ball, location: 9LSF
1-2: Fly out, F8 (Flyball, 8LXD, EV 95.0 MPH)
Batting: SHB Josh Wojnowski 0-0: SINGLE (Groundball, 34D, EV 100.6 MPH)
Pitching: RHP Ricardo Blanco
Batting: LHB Jon Kunkel 0-0: Called Strike
0-1: Ball
1-1: Foul Ball, location: 7LMF
1-2: Fly out, F9 (Flyball, 89XD, EV 103.1 MPH)
Bottom of the 5th over - 0 runs, 1 hit, 0 errors, 1 left on base; Daytona 2 - Palm Beach 5
TOP OF THE 6TH
Daytona Tortugas batting - Pitching for Palm Beach Cardinals : LHP Dennis Galeana
Batting: RHB David Adams 0-0: Ball
1-0: Called Strike
1-1: SINGLE (Line Drive, 89S, EV 86.9 MPH)
Batting: RHB Salvador Bergara 0-0: Called Strike
0-1: Swinging Strike
0-2: Strikes out swinging
Batting: LHB Oscar Pena 0-0: Foul Ball, location: 3DF
0-1: Foul Ball, location: 25F
0-2: Foul Ball, location: 2F
0-2: Reached on error, E4 (Groundball, 34, EV 90.0 MPH)
David Adams to second
Batting: SHB Omar Salazar 0-0: Ball
Wild Pitch!
David Adams to third
Oscar Pena to second
1-0: DOUBLE (Flyball, 8RXD, EV 95.0 MPH)
David Adams scores
Oscar Pena scores
Batting: RHB Franklin Bazan 0-0: Called Strike
0-1: Ground out 3-1 (Groundball, 34S, EV 83.1 MPH)
Omar Salazar to third
Batting: LHB Zózimo Crossas 0-0: Ball
1-0: Ball
2-0: Ball
3-0: Called Strike
3-1: Fly out, F4 (Popup, 4, EV 57.5 MPH)
Top of the 6th over - 2 runs, 2 hits, 1 error, 1 left on base; Daytona 4 - Palm Beach 5
BOTTOM OF THE 6TH
Palm Beach Cardinals batting - Pitching for Daytona Tortugas : RHP Ricardo Blanco
Batting: RHB Alex Morales 0-0: Ball
1-0: Foul Ball, location: 9LDF
1-1: Called Strike
1-2: Foul Ball, location: 3DF
1-2: Fly out, F9 (Line Drive, 9, EV 93.1 MPH)
Batting: LHB Jay Gunter 0-0: Called Strike
0-1: Ground out U3 (Groundball, 3, EV 104.4 MPH)
Batting: RHB Mike McDowell 0-0: Called Strike
0-1: Ball
1-1: Fly out, F9 (Flyball, 9D, EV 97.5 MPH)
Bottom of the 6th over - 0 runs, 0 hits, 0 errors, 0 left on base; Daytona 4 - Palm Beach 5
TOP OF THE 7TH
Daytona Tortugas batting - Pitching for Palm Beach Cardinals : LHP Dennis Galeana
Batting: RHB Sandy Duarte 0-0: Ball
1-0: Called Strike
1-1: Ball
2-1: Ball
3-1: Fly out, F9 (Flyball, 9S, EV 91.3 MPH)
Batting: RHB Jeff Cleland 0-0: Called Strike
0-1: SINGLE (Groundball, 34D, EV 101.3 MPH)
Batting: LHB Felix Godina 0-0: Ball
1-0: Called Strike
1-1: Ball
2-1: Foul Ball, location: 2F
2-2: Foul Ball, location: 2RF
2-2: Ball
3-2: Foul Ball, location: 2F
3-2: SINGLE (Line Drive, 78S, EV 102.5 MPH)
Jeff Cleland to second
Batting: RHB David Adams 0-0: Ball
1-0: SINGLE (Groundball, 56D, EV 83.8 MPH) (infield hit)
Jeff Cleland to third
Felix Godina to second
Batting: RHB Salvador Bergara 0-0: Foul Ball, location: 9LDF
0-1: Called Strike
0-2: Ball
1-2: Foul Ball, location: 3SF
1-2: Foul Ball, location: 2F
1-2: Ball
2-2: Ball
3-2: Foul Ball, location: 2LF
3-2: Fly out, F9 (Flyball, 9LSF, EV 88.1 MPH)
Batting: LHB Oscar Pena 0-0: Called Strike
0-1: Ball
1-1: Ball
2-1: SINGLE (Line Drive, 78M, EV 97.5 MPH)
Jeff Cleland scores
Felix Godina to third
David Adams to second
Runner from 3rd tries for Home, SAFE, throw by CF to home
Pitching: RHP Jason Fisher
Batting: SHB Omar Salazar 0-0: Ball
1-0: Ball
2-0: Foul Ball, location: 2F
2-1: Foul Ball, location: 2F
2-2: Strikes out swinging
Top of the 7th over - 2 runs, 4 hits, 0 errors, 2 left on base; Daytona 6 - Palm Beach 5
BOTTOM OF THE 7TH
Palm Beach Cardinals batting - Pitching for Daytona Tortugas : RHP Ricardo Blanco
Batting: LHB Fernando Contreras 0-0: Called Strike
0-1: Called Strike
0-2: Foul Ball, location: 5SF
0-2: Ball
1-2: Ball
2-2: Strikes out looking
Batting: RHB Joel Gully 0-0: Ground out 5-3 (Groundball, 5S, EV 85.0 MPH)
Batting: LHB Dakota Price 0-0: Called Strike
0-1: Ball
1-1: Foul Ball, location: 3F
1-2: Ball
2-2: Ball
3-2: Base on Balls
Batting: RHB Mike Villarreal 0-0: Called Strike
0-1: Ball
1-1: Ball
Dakota Price is caught stealing 2nd base 2-4
Bottom of the 7th over - 0 runs, 0 hits, 0 errors, 0 left on base; Daytona 6 - Palm Beach 5
TOP OF THE 8TH
Daytona Tortugas batting - Pitching for Palm Beach Cardinals : RHP Jason Fisher
Pitching: RHP Adam McNamara
Batting: RHB Franklin Bazan 0-0: Called Strike
0-1: Ball
1-1: Foul Ball, location: 9LDF
1-2: Ball
2-2: SINGLE (Groundball, 34D, EV 108.8 MPH)
Batting: LHB Zózimo Crossas 0-0: Grounds into double play, 6-4-3 (Groundball, 6, EV 102.5 MPH)
Batting: RHB Sandy Duarte 0-0: Called Strike
0-1: Swinging Strike
0-2: Ball
1-2: Ball
2-2: Ball
3-2: Foul Ball, location: 9LDF
3-2: Base on Balls
Batting: RHB Jeff Cleland 0-0: Ball
1-0: Ground out U3 (Groundball, 3L, EV 88.8 MPH)
Top of the 8th over - 0 runs, 1 hit, 0 errors, 1 left on base; Daytona 6 - Palm Beach 5
BOTTOM OF THE 8TH
Palm Beach Cardinals batting - Pitching for Daytona Tortugas : RHP Ricardo Blanco
Pitching: RHP Dave King
Now at 1B: Alfredo Bombacci
Batting: RHB Mike Villarreal 0-0: Ball
1-0: Called Strike
1-1: Fly out, F7 (Flyball, 7, EV 81.3 MPH)
Batting: SHB Josh Wojnowski 0-0: Called Strike
0-1: Called Strike
0-2: Foul Ball, location: 2F
0-2: Ball
1-2: Ball
2-2: Ball
3-2: Strikes out swinging
Batting: LHB Jon Kunkel 0-0: Called Strike
0-1: Ball
1-1: Ball
2-1: Swinging Strike
2-2: Fly out, F7 (Flyball, 78M, EV 88.8 MPH)
Bottom of the 8th over - 0 runs, 0 hits, 0 errors, 0 left on base; Daytona 6 - Palm Beach 5
TOP OF THE 9TH
Daytona Tortugas batting - Pitching for Palm Beach Cardinals : RHP Adam McNamara
Batting: LHB Felix Godina 0-0: Called Strike
0-1: Ball
1-1: Ball
2-1: Called Strike
2-2: Foul Ball, location: 9LMF
2-2: Fly out, F7 (Flyball, 7LMF, EV 90.0 MPH)
Batting: RHB David Adams 0-0: SINGLE (Line Drive, 7LS, EV 94.4 MPH)
Batting: RHB Salvador Bergara 0-0: Swinging Strike
0-1: Ball
1-1: Swinging Strike
1-2: Ball
2-2: Strikes out swinging
Batting: LHB Oscar Pena 0-0: Called Strike
0-1: Called Strike
David Adams steals 2nd base
0-2: Fly out, F5 (Popup, 56, EV 74.4 MPH)
Top of the 9th over - 0 runs, 1 hit, 0 errors, 1 left on base; Daytona 6 - Palm Beach 5
BOTTOM OF THE 9TH
Palm Beach Cardinals batting - Pitching for Daytona Tortugas : RHP Dave King
Now at 2B: Cesar Ortiz
Batting: RHB Alex Morales 0-0: Called Strike
0-1: Foul Ball, location: 5F
0-2: Ball
1-2: Ball
2-2: Strikes out looking
Batting: LHB Jay Gunter 0-0: Ball
1-0: Ball
2-0: Called Strike
2-1: Ball
3-1: Foul Ball, location: 2F
3-2: SINGLE (Groundball, 6, EV 95.0 MPH)
Pinch Hitting: LHB Frank McGovern 0-0: Called Strike
0-1: Ball
1-1: Swinging Strike
1-2: Grounds into double play, 4-6-3 (Groundball, 34, EV 88.8 MPH)
Bottom of the 9th over - 0 runs, 1 hit, 0 errors, 0 left on base; Daytona 6 - Palm Beach 5
Thursday, March 27th , 2025 - OOTP Baseball 25.11 Build 104